 Dungeon Crawl Stone Soup version 0.27-a0-1322-gfdffb62a71 (webtiles) character file.

Game seed: 12091560481410629867

29365 quinnr the Summoner (level 13, -7/84 HPs)
             Began as a Tengu Summoner on June 22, 2021.
             Was a High Priest of Hepliaklqana.
             Killed from afar by a wizard (28 damage)
             ... with a fireball
             ... in a Gauntlet.
             The game lasted 01:34:49 (26795 turns).

quinnr the Summoner (Tengu Summoner)               Turns: 26795, Time: 01:34:51

Health: -7/84      AC:  9    Str:  9    XL:     13   Next: 44%
Magic:  13/26      EV: 15    Int: 21    God:    Hepliaklqana [*****.]
Gold:   887        SH:  0    Dex: 14    Spells: 1/28 levels left

rFire    x . .     SeeInvis .   (weapon currently unavailable)
rCold    + + +     Faith    .   (shield currently unavailable)
rNeg     . . .     Spirit   .   (armour currently unavailable)
rPois    +         Reflect  .   (helmet currently unavailable)
rElec    .         Harm     .   (cloak currently unavailable)
rCorr    .         Rampage  .   (gloves currently unavailable)
Will     .....     NoTele   +   (boots unavailable)
Stlth    +++.......             s - amulet of regeneration
HPRegen  1.24/turn              I - ring of poison resistance
MPRegen  0.20/turn              J - ring of wizardry

@: ice-form, flying quickly and evasively, quick
A: freezing attack, flying, boosted hp, reduced essence, large, (beak), (talons
3), nimble flight
a: End Transformation, Renounce Religion, Recall Ancestor, Ancestor Identity,
Transference, Idealise


You were in a Gauntlet.
You worshipped Hepliaklqana.
Hepliaklqana was extremely pleased with you.
You were a creature of crystalline ice.
You visited 3 branches of the dungeon, and saw 17 of its levels.
You also visited: Ossuary and Gauntlet.

You collected 1084 gold pieces.
You spent 197 gold pieces at shops.

Inventory:

Hand Weapons
 O - a +0 trident of venom
Missiles
 b - 10 curare-tipped darts
 r - 4 atropa-tipped darts
Armour
 f - a +2 cloak (melded)
 n - a +2 robe of willpower (melded)
 M - a +2 robe of cold resistance
 V - a +2 pair of gloves of stealth (melded)
Magical Staves
 z - a staff of death
 C - a staff of poison
 U - a staff of cold (melded)
Jewellery
 s - an amulet of regeneration (around neck)
 I - a ring of poison resistance (left front paw)
 J - a ring of wizardry (right front paw)
 L - a ring of ice
 S - a +6 ring of dexterity
Wands
 m - a wand of acid (4)
 o - a wand of iceblast (17)
 p - a wand of mindburst (8)
 u - a wand of polymorph (9)
 w - a wand of digging (5)
 K - a wand of flame (8)
Scrolls
 c - 2 scrolls of immolation
 q - 10 scrolls of teleportation
 A - a scroll of fear
 D - 2 scrolls of amnesia
 N - a scroll of holy word
 T - a scroll of enchant armour
 W - 2 scrolls of fog
Potions
 d - 4 potions of attraction
 e - 4 potions of cancellation
 g - 7 potions of lignification
 k - 2 potions of might
 v - a potion of haste {unknown}
 E - 2 potions of invisibility
 G - a potion of mutation
 H - 3 potions of brilliance
 X - 9 potions of ambrosia
 Z - 2 potions of curing


   Skills:
 - Level 8.0 Fighting
 - Level 2.0 Armour
 - Level 8.0 Dodging
 - Level 4.0 Stealth
 - Level 8.0 Spellcasting
 - Level 9.5 Conjurations
 - Level 13.3 Summonings
 - Level 3.0 Transmutations
 + Level 6.0 Ice Magic
 + Level 5.0 Air Magic
 - Level 4.0 Poison Magic
 - Level 5.0 Invocations
 - Level 5.0 Evocations


You had one spell level left.
You knew the following spells:

 Your Spells              Type           Power      Damage    Failure   Level
a - Spider Form           Tmut/Pois      11%        N/A       2%          3
b - Call Imp              Summ           59%        N/A       1%          2
c - Summon Lightning Spi  Summ/Air       46%        N/A       1%          4
d - Mephitic Cloud        Conj/Pois/Air  34%        N/A       1%          3
e - Poisonous Vapours     Pois/Air       54%        N/A       1%          2
f - Freezing Cloud        Conj/Ice/Air   18%        6-21      5%          5
g - Summon Ice Beast      Ice/Summ       48%        N/A       1%          4
h - Ice Form              Ice/Tmut       27%        N/A       4%          4

Your spell library contained the following spells:

 Spells                   Type           Power      Damage    Failure   Level
 Beastly Appendage        Tmut           42%        N/A       1%          1
 Foxfire                  Conj/Fire      100%       2x1d9     1%          1
 Summon Small Mammal      Summ           100%       N/A       1%          1
 Wereblood                Tmut           21%        N/A       1%          2
 Call Canine Familiar     Summ           59%        N/A       1%          3
 Conjure Flame            Conj/Fire      28%        6-21      1%          3
 Summon Guardian Golem    Hex/Summ       36%        N/A       1%          3
 Sticky Flame             Conj/Fire      28%        2d5       4%          4
 Inner Flame              Hex/Fire       8%         N/A       10%         3
 Fireball                 Conj/Fire      14%        3d8       12%         5


Dungeon Overview and Level Annotations

Branches:
Dungeon (11/15)            Temple (1/1) D:5            Lair (5/6) D:10
 Shoals (0/4) Lair:2        Snake (0/4) Lair:2          Orc (0/2) D:9
Ossuary (visited)         Gauntlet (1/1)
  Slime: Lair:5-6

Altars:
Ashenzari
Cheibriados
Dithmenos
Elyvilon
Fedhas
Gozag
Hepliaklqana
Kikubaaqudgha
Makhleb
Nemelex Xobeh
Okawaru
Qazlal
Ru
Sif Muna
Trog
Uskayaw
Vehumet
Wu Jian
Xom
Yredelemnul
Zin
The Shining One

Shops:
D:1 (   D:5 ?   D:9 [

Annotations:
Gauntlet 11 transporters, 4 runed translucent doors


Innate Abilities, Weirdness & Mutations

You are a creature of crystalline ice.
You have a powerful freezing melee attack.
You are flying.
Your maximum health is increased.
Your armour is entirely melded.
You are incapable of wielding weapons or throwing items.
Your life essence is reduced to manifest your ancestor. (-10% HP)
((You have a beak for a mouth.))
((You have claws for feet.))
Your magical nature lets you fly swiftly and evasively.


Message History

A beastly little devil appears in a puff of frigid air.
Something hits your ice beast.
Unknown command.
Casting: Call Imp (safe; 1% risk of failure)
Confirm with . or Enter, or press ? or * to list all spells.
A shadowy apparition takes form in the air.
You hear some strange, mumbled words.
A fireball appears from out of thin air!
The fireball explodes!
The fireball engulfs your ice beast!!!
Your ice beast melts!
Your ice beast dies!
The fireball engulfs you!!! The fire burns you terribly!
Ouch! That really hurt!
* * * LOW HITPOINT WARNING * * *
The fireball engulfs something!!
Unknown command.
Unknown command.
You swap places.
Something barely misses your crimson imp.
Unknown command.
Okay, then.
Unknown command.
Casting: Call Imp (safe; 1% risk of failure)
Confirm with . or Enter, or press ? or * to list all spells.
Okay, then.
Unknown command.
Okay, then.
Okay, then.
Press: ? - help, v - describe, . - travel, g - get item Item here: a chain mail.
The floor.
Press: ? - help, . - travel You can't see that place. [a net trap.] Unknown command.
A fireball appears from out of thin air!
The fireball explodes!
The fireball engulfs your shadow imp!!
Your shadow imp dies!
The fireball engulfs you!! The fire burns you terribly!
You die...

##≈.#..#.## #.#...#.≈
#≈≈.#..#.##.#.#.#.#.###.≈
##≈.#..#©...#.#...#..©#.≈
##.#########.#########.#
##≈....#©.........©#....≈
#≈≈..⌠.#.⌠.⌠.⌠.⌠.⌠.#.⌠..≈
##≈....#©.........©#....≈
##.###################.#
##≈.#..#Y#![#.##.#©#?##.≈
#≈≈.#.#.#5#.#.#.#.#[#.#.≈
##≈.#.#.#5#.#.##.#.#.##.≈
##.#^.#©#.^#.#.#©#.#.#.#
##≈.#.#.#{#.#.##.#G#.##.≈
#≈≈.#.#.#.#.#.#G#G#.#.#.≈
##≈.#..#.#..#.##G#.#.##.≈
##.#########.#########.#
##≈.....©.........©.....≈


You could see a friendly crimson imp (summoned) and a friendly white imp
(summoned).

Vanquished Creatures
  Snorg (D:11)
  Fannar (D:10)
  A boulder beetle (D:9)
  A centaur warrior (D:9)
  A death yak (Lair:4)
  Erica (Lair:2)
  A two-headed ogre (D:11)
  A cyclops (D:9)
  An ugly thing (D:9)
  3 elephants
  3 cane toads
  A rime drake (Lair:4)
  A komodo dragon (Lair:1)
  A polar bear (Lair:3)
  A queen bee (Lair:1)
  2 basilisks (Lair:1)
  18 yaks
  6 water moccasins
  2 orc warriors
  A black bear (D:4)
  A lemure (D:7)
  6 bullfrogs
  3 kobold brigands (D:7)
  A water moccasin skeleton (D:4)
  17 killer bees
  A centaur zombie (D:9)
  A jelly (D:6)
  A hound (D:7)
  2 orc priests
  Ijyb (D:3)
  2 orc wizards
  2 killer bee zombies
  2 gnolls (D:5)
  An adder (D:5)
  A white imp (D:5)
  An ufetubus (D:4)
  A dart slug (D:1)
  10 orcs
  3 endoplasms (D:2)
  2 goblins
  2 hobgoblins
  4 jackals
  3 kobolds
  3 quokkas
  3 ball pythons
  4 bats (D:3)
  A hobgoblin zombie (Ossuary)
  A bush (Lair:4)
128 creatures vanquished.

Vanquished Creatures (collateral kills)
  A two-headed ogre (D:9)
  Urug (Lair:2)
  The ghost of mordus the Grappler, a novice TrMo (D:7)
  Pikel (D:7)
  2 ugly things (D:9)
  A cyclops (D:11)
  A manticore (D:9)
  6 elephants
  4 cane toads
  3 torpor snails
  8 black mambas
  A merfolk siren (Lair:2)
  2 rime drakes
  4 komodo dragons
  3 trolls
  A slime creature (D:9)
  Sigmund (D:5)
  Eustachio (D:6)
  5 wyverns
  39 yaks
  2 basilisks
  Menkaure (D:6)
  Edmund (D:5)
  An acid dragon (D:10)
  9 water moccasins
  A black bear (D:7)
  2 ice beasts (D:6)
  A sky beast (D:7)
  2 nameless horrors
  An orc warrior (D:7)
  2 ogres
  A centaur (D:7)
  A phantom (D:5)
  8 bullfrogs
  Blork the orc (D:5)
  2 gnoll sergeants
  7 kobold brigands (D:7)
  A scorpion (D:7)
  20 killer bees
  A water moccasin skeleton (D:7)
  A howler monkey (D:5)
  5 wights (D:8)
  3 bullfrog zombies (D:5)
  4 centaur zombies
  A hound (D:7)
  A jelly (D:8)
  3 orc priests
  2 bullfrog skeletons
  2 iguanas
  5 orc wizards
  8 mummies (Ossuary)
  2 hound skeletons
  2 howler monkey zombies
  3 gnolls (D:5)
  5 adders
  An ufetubus (D:4)
  A worm (D:2)
  A dart slug (D:5)
  30 orcs
  A bat zombie (D:1)
  5 endoplasms
  3 giant cockroaches
  A gnoll zombie (Ossuary)
  4 hobgoblins
  7 jackals
  2 quokkas (D:1)
  9 ball pythons
  A ball python zombie (D:1)
  A bat (D:3)
  A frilled lizard (D:1)
  4 goblins
  3 hobgoblin zombies (Ossuary)
  6 kobolds
  A kobold zombie (Ossuary)
  2 orc zombies (Ossuary)
  3 rats
  A bush (Lair:4)
286 creatures vanquished.

Vanquished Creatures (others)
  2 ancestors (D:6)
  A bush (Lair:4)
  27 fungi
  51 plants
81 creatures vanquished.

Grand Total: 495 creatures vanquished

Notes
Turn   | Place    | Note
-------+----------+-------------------------------------------
     0 | D:1      | quinnr the Tengu Summoner began the quest for the Orb.
     0 | D:1      | Reached XP level 1. HP: 10/10 MP: 4/4
   109 | D:1      | Reached skill level 5 in Summonings
   435 | D:1      | Reached XP level 2. HP: 15/15 MP: 3/6
   522 | D:1      | Learned a level 2 spell: Call Imp
   682 | D:1      | Found Homota's Weapon Boutique.
  1024 | D:1      | You fall into a shaft and drop 1 floor!
  1681 | D:2      | Reached XP level 3. HP: 19/19 MP: 2/7
  1762 | D:2      | Reached skill level 6 in Summonings
  2141 | D:2      | Found a faded altar of an unknown god.
  2608 | D:3      | Reached XP level 4. HP: 22/24 MP: 1/8
  2948 | D:3      | Noticed Ijyb
  2970 | D:3      | Killed Ijyb
  2971 | D:3      | Reached skill level 7 in Summonings
  3655 | D:3      | Gained mutation: Your magical nature lets you fly swiftly
                  | and evasively. [Tengu growth]
  3655 | D:3      | Reached XP level 5. HP: 28/28 MP: 2/9
  3769 | D:3      | Learned a level 4 spell: Summon Lightning Spire
  4099 | D:4      | Reached skill level 1 in Air Magic
  4207 | D:4      | Reached skill level 1 in Fighting
  4471 | D:4      | Noticed a black bear
  4476 | D:4      | Killed a black bear
  4477 | D:4      | Reached XP level 6. HP: 34/34 MP: 4/10
  5048 | D:5      | Entered Level 5 of the Dungeon
  5048 | D:5      | Found Tunt's Magic Scroll Emporium.
  5064 | D:5      | Bought a scroll of noise for 11 gold pieces
  5064 | D:5      | Bought a scroll of identify for 22 gold pieces
  5064 | D:5      | Bought a scroll of magic mapping for 38 gold pieces
  5064 | D:5      | Bought 2 scrolls of teleportation for 66 gold pieces
  5064 | D:5      | Bought a scroll of identify for 22 gold pieces
  5064 | D:5      | Bought a scroll of fear for 38 gold pieces
  5124 | D:5      | Noticed a water moccasin
  5138 | D:5      | Noticed Edmund
  5139 | D:5      | Killed a water moccasin
  5152 | D:5      | Killed Edmund
  5153 | D:5      | Reached XP level 7. HP: 40/40 MP: 0/12
  5303 | D:5      | Noticed Sigmund
  5317 | D:5      | Killed Sigmund
  5664 | D:5      | Found a staircase to the Ecumenical Temple.
  5679 | Temple   | Entered the Ecumenical Temple
  5680 | Temple   | quinnr: !whichgod TeSu
  5680 | Temple   | beem: 6 recent wins for TeSu: 3x Gozag, Ashenzari,
                  | Hepliaklqana, Vehumet
  6378 | Temple   | Became a worshipper of Hepliaklqana the Forgotten
  6763 | D:5      | Noticed a nameless horror
  6985 | D:5      | Killed a nameless horror
  7116 | D:5      | Reached skill level 8 in Summonings
  7634 | D:6      | Reached skill level 1 in Evocations
  7634 | D:6      | Reached XP level 8. HP: 44/44 MP: 6/15
  7718 | D:6      | Found a shimmering altar of Xom.
  7761 | D:6      | Noticed a yak
  7765 | D:6      | Noticed a yak
  7769 | D:6      | Killed a yak
  7769 | D:6      | Noticed a yak
  7773 | D:6      | Noticed Blork the orc
  7778 | D:6      | Killed a yak
  7894 | D:5      | Killed Blork the orc
  7895 | D:5      | Reached skill level 9 in Summonings
  7895 | D:5      | Killed a yak
  7987 | D:6      | Learned a level 3 spell: Mephitic Cloud
  8015 | D:6      | Reached skill level 1 in Conjurations
  8186 | D:6      | Noticed Menkaure
  8200 | D:6      | Killed Menkaure
  8201 | D:6      | Reached skill level 1 in Poison Magic
  8304 | D:6      | Reached * piety under Hepliaklqana
  8426 | D:6      | Noticed Eustachio
  8437 | D:6      | HP: 3/39 [killer bee (1)]
  8890 | D:6      | Killed Eustachio
  9446 | D:7      | Reached XP level 9. HP: 43/43 MP: 12/16
  9640 | D:7      | Reached ** piety under Hepliaklqana
  9665 | D:7      | Remembered your ancestor Cuetlachtli as a knight
  9995 | D:7      | Found a runed translucent gate.
  9997 | D:7      | Found a runed translucent gate.
  9998 | D:7      | Found a runed translucent gate.
  9999 | D:7      | Noticed mordus's ghost (novice TrMo)
 10005 | D:7      | Noticed Pikel
 10081 | D:7      | Killed Pikel
 10082 | D:7      | Reached skill level 10 in Summonings
 10246 | D:7      | Reached skill level 11 in Summonings
 10761 | D:8      | Found a sand-covered staircase.
 10791 | Ossuary  | Entered an ossuary
 11384 | D:7      | Learned a level 3 spell: Spider Form
 11387 | D:7      | Learned a level 2 spell: Poisonous Vapours
 11405 | D:7      | Reached skill level 12 in Summonings
 11406 | D:7      | Killed mordus's ghost
 11407 | D:7      | Reached XP level 10. HP: 28/47 MP: 2/17
 11541 | D:7      | Reached skill level 13 in Summonings
 13222 | D:9      | Reached *** piety under Hepliaklqana
 13449 | D:9      | Noticed a boulder beetle
 13460 | D:9      | Noticed a cyclops
 13460 | D:9      | Noticed a green ugly thing
 13506 | D:9      | Found Genot's Antique Armour Boutique.
 13574 | D:9      | Killed a boulder beetle
 13958 | D:9      | Found a staircase to the Orcish Mines.
 14200 | D:9      | Noticed a two-headed ogre
 14216 | D:9      | Reached skill level 5 in Dodging
 14216 | D:9      | Killed a two-headed ogre
 14217 | D:9      | Reached skill level 5 in Fighting
 14276 | D:9      | Killed a cyclops
 14317 | D:9      | Noticed a manticore
 14332 | D:9      | Killed a manticore
 14547 | D:9      | Noticed a white ugly thing
 14548 | D:9      | Noticed a centaur warrior
 14612 | D:9      | Identified the +5 dagger of Egomania {vorpal, Dex+2}
 14918 | D:9      | Noticed a purple ugly thing
 14937 | D:9      | Killed a green ugly thing
 14938 | D:9      | Reached skill level 1 in Transmutations
 14938 | D:9      | Reached XP level 11. HP: 31/57 MP: 8/18
 14984 | D:9      | Killed a green ugly thing
 15148 | D:9      | Killed a centaur warrior
 15149 | D:9      | Reached skill level 5 in Conjurations
 15149 | D:9      | Reached skill level 5 in Air Magic
 15158 | D:9      | Killed a white ugly thing
 15159 | D:9      | Reached skill level 5 in Spellcasting
 15310 | D:10     | Entered Level 10 of the Dungeon
 15696 | D:10     | Found a staircase to the Lair.
 16611 | D:11     | Learned a level 5 spell: Freezing Cloud
 16761 | D:11     | Noticed a two-headed ogre
 16773 | D:11     | Killed a two-headed ogre
 16774 | D:11     | Reached skill level 1 in Ice Magic
 16878 | D:11     | Reached **** piety under Hepliaklqana
 17015 | D:11     | Noticed a cyclops
 17027 | D:11     | Killed a cyclops
 17166 | D:11     | Found a frozen archway.
 17167 | D:11     | Noticed Snorg
 17167 | D:11     | Noticed Fannar
 17187 | D:11     | Killed Snorg
 17341 | D:10     | Killed Fannar
 17634 | Lair:1   | Entered Level 1 of the Lair of Beasts
 18242 | Lair:1   | Reached skill level 1 in Invocations
 18255 | Lair:1   | Reached skill level 5 in Ice Magic
 18588 | Lair:1   | Reached XP level 12. HP: 63/63 MP: 6/22
 18595 | Lair:1   | Learned a level 4 spell: Summon Ice Beast
 19159 | Lair:1   | Reached skill level 5 in Evocations
 19534 | Lair:1   | Reached skill level 5 in Invocations
 20253 | Lair:2   | Reached skill level 1 in Armour
 20564 | Lair:2   | Reached ***** piety under Hepliaklqana
 20621 | Lair:2   | Found a staircase to the Snake Pit.
 21286 | Lair:2   | Noticed Erica
 21295 | Lair:2   | Killed Erica
 21431 | Lair:2   | Found a staircase to the Shoals.
 21857 | Lair:2   | Noticed Urug
 21868 | Lair:2   | Killed Urug
 22171 | Lair:2   | Reached XP level 13. HP: 66/68 MP: 0/24
 23295 | Lair:3   | Identified a scroll of acquirement
 24316 | Lair:4   | Acquired a +0 pair of gloves of stealth
 25422 | Lair:4   | quinnr: ??ice form
 25422 | Lair:4   | beem: ice form[1/2]: +20% HP, rF-, rC+++, rPois. Makes you
                  | large, which will reduce EV (for human size and smaller
                  | races). Melds all armour, but gives 5-12 AC. 12+UC base
                  | damage with freezing brand. Players in ice form can float
                  | through water, but get no aquatic bonuses and can't reach
                  | submerged items. Found in Books of Changes and Ice, L4
                  | ice/tmut.
 25578 | Lair:3   | Learned a level 4 spell: Ice Form
 26564 | Lair:5   | Found a gate leading to a gauntlet.
 26579 | Gauntlet | Entered a Gauntlet
 26579 | Gauntlet | Found a transporter.
 26579 | Gauntlet | Found a transporter.
 26672 | Gauntlet | Found a transporter.
 26678 | Gauntlet | Found a transporter.
 26684 | Gauntlet | Found a runed translucent gate.
 26684 | Gauntlet | Found a runed translucent gate.
 26684 | Gauntlet | Found a runed translucent gate.
 26686 | Gauntlet | Found a transporter.
 26690 | Gauntlet | Found a transporter.
 26694 | Gauntlet | Noticed a dire elephant
 26698 | Gauntlet | Found a transporter.
 26719 | Gauntlet | Found a transporter.
 26736 | Gauntlet | Found a transporter.
 26740 | Gauntlet | Found a transporter.
 26741 | Gauntlet | Found a runed translucent door.
 26753 | Gauntlet | Found a transporter.
 26754 | Gauntlet | Found a transporter.
 26795 | Gauntlet | Killed from afar by a wizard

Illustrated notes

Levels and vault maps discovered:
D:1:      saegor_arrival_fortress, layout_basic, serial_shops,
          nicolae_diamond_shop, minmay_three_crescents
D:2:      layout_rooms, shapermc_ecumenical_altar_mp_highgroup,
          chequers_big_river
D:3:      layout_loops_ring, kennysheep_flooded_box, uniq_ijyb
D:4:      layout_cave_pools, st_stairs_4
D:5:      layout_gridville, minmay_temple_entry_antechambers, serial_shops,
          nicolae_stop_n_shop_1, uniq_sigmund, uniq_edmund
D:6:      layout_layer_cave, nicolae_overflow_crystal_walls, uniq_eustachio,
          uniq_blork_the_orc, uniq_menkaure
D:7:      layout_loops_ring, gammafunk_ghost_nasty_kobolds, uniq_pikel
D:8:      layout_loops_ring, nicolae_ossuary_entry_monument
D:9:      layout_long_grid, hiddenorc1_lemuel, nicolae_take_the_stairs,
          minmay_shattered_shrine
D:10:     layout_roguey, lair_entry_dummy, serial_rivers,
          chequers_serial_rivers_small_a, chequers_serial_rivers_small_a,
          chequers_serial_rivers_small_b, chequers_serial_rivers_large_a,
          chequers_serial_rivers_micro_e, chequers_serial_rivers_marsh,
          hex_intersection, hangedman_decor_clover_reticule
D:11:     layout_irregular_city, portal_ice_cave_entry_pillars_1,
          nicolae_trove_entry_crystal, uniq_snorg, uniq_maurice, uniq_gastronok,
          uniq_fannar
Temple:   nicolae_temple_the_god_donut
Lair:1:   layout_roguey [special_room_bee]
Lair:2:   layout_cave_pods, minmay_shoals_entry_lonely_mermaid,
          minmay_snake_entry_six_corridors, uniq_erica, uniq_urug
Lair:3:   layout_hall_layers
Lair:4:   layout_cave_pods, wad_woods_06, st_stairs_3, grunt_megastairs_1,
          lemuel_fruit_tree
Lair:5:   layout_cave_pods, gauntlet_entry_generic
Gauntlet: minmay_gauntlet_77_indecision [minmay_gauntlet_arena_77_braids,
          minmay_gauntlet_arena_77_checkered,
          minmay_gauntlet_arena_77_run_for_it, minmay_gauntlet_arena_77_path,
          minmay_gauntlet_arena_77_block_sizes,
          minmay_gauntlet_arena_77_double_cross, gauntlet_exit_green]

Skill      XL: |  1  2  3  4  5  6  7  8  9 10 11 12 13 |
---------------+----------------------------------------+-----
Summonings     | 5 6 7 8 9 12 13 | 13.3
Air Magic      | 2 3 4 5 |  5.0
Fighting       | 1 2 6 7 8 |  8.0
Stealth        | 3 4 |  4.0
Spellcasting   | 3 4 6 7 8 |  8.0
Evocations     | 1 3 4 5 |  5.0
Conjurations   | 4 5 7 9 |  9.5
Poison Magic   | 3 4 |  4.0
Dodging        | 6 7 8 |  8.0
Transmutations | 1 3 |  3.0
Ice Magic      | 5 6 |  6.0
Invocations    | 2 5 |  5.0
Armour         | 2 |  2.0

Action                   |  1- 3 |  4- 6 |  7- 9 | 10-12 | 13-15 || total
-------------------------+-------+-------+-------+-------+-------++-------
Melee: Unarmed           |    12 |       |       |    25 |       ||    37
       Peck              |     5 |     8 |     5 |     8 |    11 ||    37
       Kick              |     9 |     7 |    13 |    21 |    27 ||    77
       Short sword       |    18 |    45 |    24 |     9 |       ||    96
       Staff             |       |       |    25 |    54 |    55 ||   134
 Cast: Summon Small Mamm |    20 |    10 |       |       |       ||    30
       Call Imp          |    40 |    60 |    76 |   140 |    11 ||   327
       Summon Lightning  |       |     6 |    45 |    72 |    15 ||   138
       Mephitic Cloud    |       |       |     3 |     7 |     1 ||    11
       Poisonous Vapours |       |       |       |    95 |    15 ||   110
       Freezing Cloud    |       |       |       |    35 |    29 ||    64
       Spider Form       |       |       |       |     6 |       ||     6
       Summon Ice Beast  |       |       |       |    27 |    49 ||    76
       Ice Form          |       |       |       |       |     3 ||     3
Invok: Recall Ancestor   |       |       |     1 |     1 |     2 ||     4
       Ancestor Life: Kn |       |       |     1 |       |       ||     1
Evoke: Wand              |       |     2 |     3 |    22 |     3 ||    30
  Use: Scroll            |       |     3 |    11 |     6 |     7 ||    27
       Potion            |       |       |     4 |     1 |       ||     5
 Stab: Sleeping          |     1 |     2 |     1 |       |       ||     4
       Distracted        |     1 |       |       |     1 |       ||     2
       Confused          |       |       |     1 |       |       ||     1
Armor: Robe              |     7 |    22 |     3 |    37 |     5 ||    74
       Leather armour    |       |       |    20 |       |       ||    20
       Skin              |       |       |       |     1 |       ||     1
Dodge: Dodged            |    21 |    53 |    74 |   187 |    12 ||   347

Table legend: (Time is in decaauts)
 A = Elapsed time spent in this place.
 B = Non-inter-level travel time spent in this place.
 C = Inter-level travel time spent in this place.
 D = Time resting spent in this place.
 E = Time spent auto-exploring this place.
 F = Levels seen in this place.
 G = Mean time per level.
                   A        B        C        D        E       F      G
               +--------+--------+--------+--------+--------+-----+--------+
         Total |  25814 |  24856 |    958 |   2758 |  17734 |  19 | 1358.6 |
       Dungeon |  16428 |  15827 |    601 |   1836 |  11027 |  11 | 1493.5 |
        Temple |    653 |    575 |     78 |      0 |    573 |   1 |  653.0 |
          Lair |   8050 |   7772 |    278 |    840 |   5665 |   5 | 1610.0 |
       Ossuary |    478 |    478 |      0 |      6 |    356 |   1 |  478.0 |
      Gauntlet |    203 |    203 |      0 |     75 |    111 |   1 |  203.0 |
               +--------+--------+--------+--------+--------+-----+--------+

Top non-repeatable levels by time:
  Lair:1: 2268 daAuts
     D:9: 2243 daAuts
  Lair:4: 2056 daAuts
    D:10: 2017 daAuts
     D:5: 1884 daAuts
  Lair:2: 1875 daAuts
  Lair:3: 1789 daAuts
     D:7: 1702 daAuts
     D:1: 1550 daAuts
     D:8: 1420 daAuts
     D:6: 1408 daAuts
     D:3: 1226 daAuts
     D:4: 1186 daAuts
     D:2: 1043 daAuts
    D:11: 743 daAuts
